 Dungeon Crawl Stone Soup version 0.29-a0-414-g5075937ec3 (webtiles) character file.

Game seed: 16016036048710528312

4377 Bruhh the Fighter (level 10, -6/66 HPs)
             Began as a Gargoyle Gladiator on May 14, 2022.
             Was a High Priest of Zin.
             Killed by divine providence
             ... invoked by an orc priest
              (9 damage)
             ... on level 8 of the Dungeon on May 15, 2022.
             The game lasted 00:14:01 (9159 turns).

Bruhh the Fighter (Gargoyle Gladiator)              Turns: 9159, Time: 00:14:05

Health: -6/66      AC: 25    Str: 25    XL:     10   Next: 35%
Magic:  0/15       EV: 10    Int: 10    God:    Zin [*****.]
Gold:   453        SH:  9    Dex: 13    Spells: 9/9 levels left

rFire   . . .      SeeInvis .   z - +1 mace (protect)
rCold   . . .      Faith    .   K - +2 kite shield
rNeg    + . .      Spirit   +   E - +3 leather armour
rPois   ∞          Reflect  .   O - +0 helmet
rElec   +          Harm     .   y - +1 cloak
rCorr   .          Rampage  .   i - +0 pair of gloves
Will    .....                   (no boots)
Stlth   +.........              A - amulet of guardian spirit
HPRegen 0.21/turn               (no ring)
MPRegen 0.14/turn               (no ring)

@: vitalised, under a protective aura
A: sickness immunity, AC +7, negative energy resistance 1, electricity
resistance, torment resistance 1, petrification resistance
a: Renounce Religion, Recite, Vitalisation, Imprison, Sanctuary, Donate Gold


You were on level 8 of the Dungeon.
You worshipped Zin.
Zin was extremely pleased with you.
You visited 1 branch of the dungeon, and saw 8 of its levels.

You collected 658 gold pieces.
You donated 205 gold pieces to Zin.

Inventory:

Hand Weapons
 a - a +0 quarterstaff
 z - a +1 mace of protection (weapon)
Missiles
 d - 3 throwing nets (quivered)
 e - a javelin
 B - 5 poisoned darts
Armour
 i - a +0 pair of gloves (worn)
 y - a +1 cloak (worn)
 E - a +3 leather armour (worn)
 K - a +2 kite shield (worn)
 O - a +0 helmet (worn)
Jewellery
 p - a ring of protection from fire
 A - an amulet of guardian spirit (around neck)
 F - an amulet of regeneration
 M - a ring of protection from cold
 N - a ring of fire
Wands
 D - a wand of digging (5)
 I - a wand of flame (8)
 L - a wand of acid (13)
Scrolls
 b - a scroll of summoning {unknown}
 j - a scroll of amnesia
 k - a scroll of fog
 l - 2 scrolls of fear
 m - 4 scrolls of teleportation
 q - a scroll of torment
 s - a scroll of brand weapon
 u - 2 scrolls of silence
 G - a scroll of poison
Potions
 c - a potion of cancellation {unknown}
 f - a potion of invisibility
 g - a potion of experience {unknown}
 n - a potion of berserk rage {unknown}
 o - a potion of flight {unknown}
 r - 4 potions of lignification
 t - a potion of heal wounds
 v - 2 potions of curing {unknown}
 w - a potion of ambrosia {unknown}
 C - a potion of mutation {unknown}
 J - a potion of degeneration {unknown}


   Skills:
 + Level 9.3 Fighting
 + Level 8.1(8.6) Maces & Flails
 - Level 4.1(6.6) Staves
 - Level 1.7 Throwing
 - Level 6.0 Armour
 - Level 2.4 Dodging
 - Level 7.0 Invocations


You had 9 spell levels left.
You didn't know any spells.
Your spell library contained the following spells:

 Spells                   Type           Power      Damage    Failure   Level
 Magic Dart               Conj           0%         1d3       83%         1
 Call Imp                 Summ           0%         N/A       93%         2
 Inner Flame              Hex/Fire       0%         N/A       99%         3
 Mephitic Cloud           Conj/Pois/Air  0%         N/A       99%         3
 Cause Fear               Hex            0%         N/A       100%        4
 Discord                  Hex            0%         N/A       100%        8


Dungeon Overview and Level Annotations

Branches:
Dungeon (8/15)             Temple (0/1) D:4
   Lair: D:8-11

Altars:
Ashenzari
Elyvilon
Zin

Shops:
D:7 (


Innate Abilities, Weirdness & Mutations

You are immune to sickness and miasma.
Your stone body is resilient. (AC +7)
You are immune to poison.
You resist negative energy. (rN+)
You are resistant to electric shocks. (rElec)
You are resistant to unholy torment.
You are immune to petrification.


Message History

You feel much better. You block the orc warrior's attack.
The orc warrior hits you but does no damage.
The orc warrior hits you from afar with a +0 trident.
Zin grants you divine stamina.
Zin will no longer cleanse your potions of mutation.
The orc warrior barely misses you.
The orc warrior hits you but does no damage.
The orc priest casts a cantrip, but nothing happens.
The orc warrior closely misses you.
You closely miss the orc warrior.
The orc warrior hits you from afar with a +0 trident.
The orc warrior barely misses you. You block the orc warrior's attack.
You hit the orc warrior.
Your weapon exudes an aura of protection.
The orc warrior is lightly wounded.
You block the orc warrior's attack. The orc warrior misses you.
The orc priest looks braver for a moment.
You block the orc warrior's attack.
You hit the orc warrior.
The orc warrior is lightly wounded.
The orc warrior hits you from afar with a +0 trident.
The orc warrior barely misses you.
The orc warrior hits you from afar with a +0 trident.
You hit the orc warrior but do no damage.
The orc warrior is lightly wounded.
The orc warrior misses you. You block the orc warrior's attack.
The orc warrior hits you from afar with a +0 trident.
You barely miss the orc warrior.
The orc warrior is lightly wounded.
The orc warrior barely misses you.
The orc warrior hits you with a +0 hand axe!
* * * LOW HITPOINT WARNING * * *
The orc warrior hits you but does no damage.
The orc priest invokes the aid of Beogh against you.
Beogh smites you!
* * * LOW HITPOINT WARNING * * *
The orc warrior hits you but does no damage.
The orc priest mumbles some strange prayers to Beogh against you.
Beogh smites you!
You die... ............# #.J.......... ##...#.###### ###.........# ##.##.# ## ## ##........# ####.# ##.###.## ##.[...#.# #.# 8.#.#.8 ##...##.# #.# ooo..### ##+###.# ## ##.# ooo

#.# #.# #.# .# #..#
#o###.# #.# #..
.####.##
#@##..######.#####
....#.#
#.#.#.##..##.........#
.##.#.#
#...$.....##.#.....#.#
.##.#.#
#####.####.....[..##.#
.##.#.#
#.####.###.#......
......# #......#
#...###.# ###.###
######.###.#.# #.# #.#
#.....#.###.# ###.#
###.........#


You could see 3 orc warriors and 4 orc priests.

Vanquished Creatures
  Amaemon (D:8)
  Pikel (D:8)
  An orange demon (D:8)
  Grinder (D:4)
  Sigmund (D:4)
  6 yaks (D:8)
  A steam dragon (D:7)
  Menkaure (D:6)
  A water moccasin (D:5)
  2 orc warriors
  An ice beast (D:7)
  A sky beast (D:8)
  2 ogres
  A centaur (D:6)
  A black bear (D:8)
  2 lemures (D:7)
  A kobold brigand (D:6)
  A necrophage (D:6)
  A gnoll sergeant (D:6)
  A scorpion (D:6)
  A jelly (D:6)
  3 orc priests
  5 hounds
  4 iguanas
  3 orc wizards
  4 gnolls
  5 adders
  A shadow imp (D:6)
  A white imp (D:5)
  An ufetubus (D:6)
  A worm (D:4)
  2 dart slugs
  23 orcs
  9 ball pythons
  12 endoplasms
  6 giant cockroaches
  12 goblins
  7 hobgoblins
  2 jackals (D:1)
  10 kobolds
  A quokka (D:1)
  6 bats
  4 frilled lizards
  15 rats
  A spectral kobold (D:1)
167 creatures vanquished.

Vanquished Creatures (others)
  A centaur (D:7)
  2 orcs (D:7)
3 creatures vanquished.

Grand Total: 170 creatures vanquished

Notes
Turn   | Place    | Note
-------+----------+-------------------------------------------
     0 | D:1      | Bruhh the Gargoyle Gladiator began the quest for the Orb.
     0 | D:1      | Reached XP level 1. HP: 12/12 MP: 1/1
   264 | D:1      | Reached skill level 1 in Armour
   264 | D:1      | Reached XP level 2. HP: 17/17 MP: 2/2
   396 | D:1      | Found a faded altar of an unknown god.
   407 | D:1      | Prayed at the altar of an unknown god.
   407 | D:1      | Became a worshipper of Zin the Law-Giver
   407 | D:1      | Reached * piety under Zin
  1036 | D:1      | Reached XP level 3. HP: 21/21 MP: 3/3
  1526 | D:2      | Donated 18 gold pieces to Zin
  1842 | D:2      | Reached ** piety under Zin
  1910 | D:2      | Reached XP level 4. HP: 26/26 MP: 4/4
  1964 | D:2      | Found a broken altar of Ashenzari.
  1992 | D:2      | Reached *** piety under Zin
  2336 | D:3      | Reached **** piety under Zin
  2938 | D:3      | Donated 122 gold pieces to Zin
  2986 | D:4      | Noticed Sigmund
  3015 | D:4      | Killed Sigmund
  3016 | D:4      | Reached XP level 5. HP: 27/30 MP: 4/7
  3016 | D:4      | Reached XP level 6. HP: 32/35 MP: 4/8
  3190 | D:4      | Reached ***** piety under Zin
  3705 | D:4      | Found a staircase to the Ecumenical Temple.
  3851 | D:4      | Noticed Grinder
  3860 | D:4      | Killed Grinder
  3861 | D:4      | Reached skill level 5 in Armour
  3861 | D:4      | Reached skill level 5 in Invocations
  3861 | D:4      | Reached XP level 7. HP: 31/40 MP: 6/11
  4057 | D:5      | Entered Level 5 of the Dungeon
  4414 | D:5      | Reached XP level 8. HP: 36/44 MP: 9/13
  5000 | D:6      | Reached skill level 3 in Fighting
  5000 | D:6      | Reached skill level 1 in Maces & Flails
  5313 | D:6      | Found a white marble altar of Elyvilon.
  5400 | D:6      | Reached skill level 4 in Fighting
  5682 | D:6      | Noticed Menkaure
  5686 | D:6      | Killed Menkaure
  5807 | D:6      | Reached skill level 5 in Fighting
  5968 | D:6      | Reached XP level 9. HP: 33/54 MP: 9/14
  6805 | D:7      | Found Jurchesi's Weapon Shoppe.
  7055 | D:7      | Reached skill level 6 in Fighting
  7585 | D:7      | Reached skill level 5 in Maces & Flails
  7726 | D:8      | Noticed Pikel
  7790 | D:8      | Killed Pikel
  7791 | D:8      | Reached skill level 7 in Fighting
  8027 | D:8      | Reached ****** piety under Zin
  8107 | D:8      | Noticed Amaemon
  8107 | D:8      | Noticed an orange demon
  8133 | D:8      | Killed Amaemon
  8142 | D:8      | Killed an orange demon
  8143 | D:8      | Reached skill level 8 in Fighting
  8143 | D:8      | Reached XP level 10. HP: 22/64 MP: 6/15
  8752 | D:8      | Reached skill level 9 in Fighting
  9159 | D:8      | HP: 3/66 [orc priest/divine providence (12)]
  9159 | D:8      | Killed from afar by an orc priest

Illustrated notes

Levels and vault maps discovered:
D:1:      lightli_arrival_farm, layout_basic,
          dreamdust_ecumenical_altar_drowned_temple, minmay_quantized
D:2:      layout_rooms, basic_altar, minmay_rat_gold_closets
D:3:      layout_basic
D:4:      nicolae_BIG_FREAKIN_CUBE, layout_basic, minmay_temple_entry_hall,
          hangedman_decor_push, kennysheep_another_room, uniq_sigmund,
          uniq_grinder
D:5:      layout_basic, minmay_ogre_servants
D:6:      layout_layer_cave, mainiacjoe_overflow_boulevard, uniq_menkaure
D:7:      layout_loops_ring, serial_shops, shop
D:8:      layout_loops_corners, pf_guarded_unrand_meek, uniq_amaemon, uniq_pikel

Skill      XL: |  1  2  3  4  5  6  7  8  9 10 |
---------------+-------------------------------+-----
Armour         | 1 2 3 5 6 |  6.0
Staves         | 4 |  4.1
Invocations    | 3 5 6 7 |  7.0
Fighting       | 5 8 9 |  9.3
Maces & Flails | 4 7 8 |  8.1
Throwing       | |  1.7
Dodging        | |  2.4

Action                   |  1- 3 |  4- 6 |  7- 9 | 10-12 || total
-------------------------+-------+-------+-------+-------++-------
Melee: Quarterstaff      |   126 |   111 |       |       ||   237
       Mace              |       |    38 |   391 |   119 ||   548
       Punch             |       |     2 |     3 |       ||     5
Invok: Donate Gold       |     1 |     1 |       |       ||     2
       Vitalisation      |       |     2 |     2 |     1 ||     5
       Recite            |       |     1 |     8 |     1 ||    10
  Use: Potion            |       |     1 |     3 |     1 ||     5
       Scroll            |       |       |    12 |       ||    12
 Stab: Sleeping          |     1 |     2 |       |       ||     3
       Confused          |       |       |     3 |       ||     3
       Paralysed         |       |       |     3 |       ||     3
       Invisible         |       |       |       |     1 ||     1
Armor: Leather armour    |    53 |    85 |   354 |    74 ||   566
Dodge: Dodged            |    71 |    75 |   358 |    54 ||   558
Block: Kite shield       |       |       |   105 |    70 ||   175

Table legend: (Time is in decaauts)
 A = Elapsed time spent in this place.
 B = Non-inter-level travel time spent in this place.
 C = Inter-level travel time spent in this place.
 D = Time resting spent in this place.
 E = Time spent auto-exploring this place.
 F = Levels seen in this place.
 G = Mean time per level.
                   A        B        C        D        E       F      G
               +--------+--------+--------+--------+--------+-----+--------+
         Total |   9360 |   9128 |    232 |      0 |   7324 |   8 | 1170.0 |
       Dungeon |   9360 |   9128 |    232 |      0 |   7324 |   8 | 1170.0 |
               +--------+--------+--------+--------+--------+-----+--------+

Top non-repeatable levels by time:
     D:6: 1740 daAuts
     D:1: 1548 daAuts
     D:8: 1461 daAuts
     D:7: 1117 daAuts
     D:4: 1061 daAuts
     D:5: 913 daAuts
     D:3: 763 daAuts
     D:2: 754 daAuts
